Map: Prion Terraces

Players

GriM - Winner!

  • Race: Protoss Protoss
  • League: Platinum

JokeYaMind

  • Race: Zerg Zerg
  • League: Gold

VOD

Have the link to the VOD?

Description

Time

  • Played on: Dec. 25, 2015, 9:19 p.m.
  • Length: 7:24
Show
View Real Time Build Order
Export as new Build Order

GriM Protoss - Winner!

Build Orders:  

Get SALT Encoding   

  12  0:01  Probe (Chrono Boost)  
  13  0:11  Probe (Chrono Boost)  
  14  0:19  Pylon  
  14  0:22  Probe (Chrono Boost)  
  15  0:37  Probe (Chrono Boost)  
  16  0:48  Probe (Chrono Boost)  
  17  0:58  Probe (Chrono Boost)  
  18  1:09  Nexus  
  19  1:11  Probe (Chrono Boost)  
  19  1:20  Gateway  
  19  1:31  Gateway  
  19  1:32  Probe (Chrono Boost)  
  20  1:38  Assimilator  
  20  1:43  Assimilator  
  20  1:51  Probe (Chrono Boost)  
  21  1:59  Pylon  
  21  2:02  Probe (Chrono Boost)  
  22  2:12  Cybernetics Core  
  22  2:13  Probe (Chrono Boost)  
  23  2:18  Zealot  
  25  2:25  Probe (Chrono Boost)  
  25  2:26  Probe (Chrono Boost)  
  27  2:38  Probe x2 (Chrono Boost)  
  29  2:48  Probe (Chrono Boost), Warp Gate (Chrono Boost)  
  29  2:50  Mothership Core (Chrono Boost)  
  32  3:01  Robotics Facility  
  32  3:03  Probe (Chrono Boost)  
  33  3:06  Zealot  
  33  3:11  Probe (Chrono Boost)  
  36  3:12  Probe (Chrono Boost)  
  37  3:23  Twilight Council  
  37  3:25  Probe  
  39  3:27  Probe  
  39  3:35  Probe  
  40  3:42  Probe  
  40  3:46  Probe  
  42  3:49  Gateway  
  42  3:51  Gateway  
  42  3:54  Immortal  
  46  4:05  Pylon  
  46  4:11  Charge (Chrono Boost)  
  46  4:22  Probe  
  46  4:23  Gateway, Probe  
  48  4:27  Gateway  
  48  4:32  Immortal (Chrono Boost)  
  48  4:34  Probe  
  53  4:38  Gateway  
  53  4:51  Probe  
  54  5:04  Pylon  
  54  5:06  Pylon  
  54  5:07  Pylon  
  54  5:10  Pylon  
  54  5:17  Warp Prism  
  54  5:22  Zealot x3  
  54  5:25  Zealot x2  
  66  5:38  Pylon, Zealot x2  
  66  5:39  Pylon  
  70  5:53  Zealot x5  
  70  5:55  Pylon  
  80  5:59  Zealot x2  
  84  6:19  Zealot x7  
  94  6:42  Zealot x2  
  94  6:43  Zealot x5  
  108  7:03  Zealot  
  110  7:09  Pylon  
  110  7:11  Pylon  
  110  7:13  Pylon  
  110  7:15  Pylon  
Show
View Real Time Build Order
Export as new Build Order

JokeYaMind Zerg 

Build Orders: Hatch First 

Get SALT Encoding   

  12  0:01  Drone  
  13  0:08  Drone  
  14  0:18  Overlord  
  14  0:37  Drone x3  
  17  0:48  Drone  
  18  1:01  Drone  
  19  1:05  Hatchery  
  19  1:10  Drone  
  19  1:16  Spawning Pool  
  18  1:20  Drone  
  19  1:31  Drone  
  20  1:34  Extractor  
  19  1:42  Drone  
  20  1:52  Drone  
  21  2:02  Overlord  
  21  2:14  Hatchery, Queen  
  22  2:20  Zergling x4  
  24  2:26  Drone  
  24  2:27  Queen  
  27  2:30  Drone  
  27  2:35  Metabolic Boost  
  29  2:37  Drone  
  29  2:48  Zergling x4  
  31  2:54  Roach Warren  
  31  2:56  Drone  
  31  2:57  Extractor  
  30  3:01  Drone  
  30  3:03  Drone  
  32  3:11  Drone x2  
  34  3:19  Drone  
  35  3:26  Drone x4  
  39  3:32  Drone x2  
  41  3:41  Lair  
  41  3:51  Drone  
  41  3:54  Overlord  
  42  4:11  Queen  
  42  4:14  Drone x3  
  42  4:15  Drone x3  
  42  4:17  Overlord x4  
  50  4:33  Evolution Chamber  
  50  4:35  Evolution Chamber  
  50  4:38  Extractor  
  47  4:40  Drone x3, Extractor  
  47  4:43  Roach  
  47  4:44  Roach x6  
  63  4:57  Roach x5  
  63  4:58  Roach  
  75  5:07  Roach x2  
  75  5:11  Zerg Ground Armor Level 1  
  79  5:18  Zerg Missile Weapons Level 1  
  79  5:28  Hydralisk Den  
  78  5:29  Zergling x8  
  78  5:32  Overlord x2  
  82  5:53  Overseer  
  82  5:55  Drone x3  
  84  6:07  Roach  
  84  6:08  Roach x5  
  96  6:12  Hatchery  
  84  6:39  Roach x5  
  94  6:40  Roach x9  
  98  6:47  Overlord  
  98  7:01  Overlord x4  
Tags
 
Add a new tag
Caveats
  • Supply blocks, unpowered buildings, or Contaminate may cause inaccurate times.
  • Supply counts are checked every 10 seconds.